 Dungeon Crawl Stone Soup version 0.21-a0-421-gfc1ce30 (webtiles) character file.

94 dricus the Distorting Demonspawn (level 4, -1/36 HPs)
             Began as a Demonspawn Abyssal Knight on Nov 4, 2017.
             Was a Believer of Lugonu.
             Slain by an orc priest (5 damage)
             ... on level 3 of the Dungeon.
             The game lasted 00:04:15 (2768 turns).

dricus the Distorting Demonspawn (DsAK)             Turns: 2768, Time: 00:04:15

Health: -1/36      AC: 10    Str: 13    XL:     4   Next: 38%
Magic:  6/6        EV:  9    Int: 14    God:    Lugonu [**....]
Gold:   144        SH:  0    Dex: 12    Spells: 3/3 levels left

rFire    . . .     SeeInvis .   a - +0 flail
rCold    . . .     Gourm    .   (no shield)
rNeg     . . .     Faith    .   h - +0 scale mail
rPois    .         Spirit   .   (no helmet)
rElec    .         Reflect  .   o - +0 cloak
rCorr    .         Harm     .   m - +0 pair of gloves
MR       .....                  (no boots)
Stlth    +.........             (no amulet)
HPRegen  0.12/turn              (no ring)
MPRegen  0.10/turn              (no ring)

@: no status effects
A: icy blue scales 1, nightstalker 1
a: Depart the Abyss, Bend Space, Renounce Religion


You were on level 3 of the Dungeon.
You worshipped Lugonu.
Lugonu was pleased with you.
You were not hungry.

You visited 1 branch of the dungeon, and saw 3 of its levels.
You visited the Abyss 1 time.

You collected 144 gold pieces.

Inventory:

Hand Weapons
 a - a +0 flail (weapon)
Armour
 h - a +0 scale mail (worn)
 k - a +0 plate armour
 m - a +0 pair of gloves (worn)
 o - a +0 cloak (worn)
 s - a cursed +0 large shield
Scrolls
 b - 4 scrolls of remove curse
 g - 3 scrolls of identify
 i - a scroll of random uselessness {unknown}
 l - a scroll of noise {unknown}
 r - a scroll of fear {unknown}
Potions
 e - 2 potions of curing
 j - 2 potions of might
 n - 2 potions of lignification {unknown}
 p - 2 potions of magic {unknown}
 q - 2 potions of berserk rage {unknown}
Comestibles
 c - a bread ration
 d - 3 meat rations
 f - 3 royal jellies
 t - 8 chunks of flesh


   Skills:
 + Level 3.6 Fighting
 * Level 3.3 Maces & Flails
 - Level 1.7 Armour
 - Level 0.8 Dodging
 + Level 3.6 Invocations


You had 3 spell levels left.
You didn't know any spells.

Dungeon Overview and Level Annotations

Branches:
Dungeon (3/15)

Altars:


Innate Abilities, Weirdness & Mutations

You are partially covered in icy blue scales. (AC +2)
You are slightly more attuned to the shadows.


Message History

You hit the orc priest.
The orc priest is heavily wounded.
The orc priest hits you but does no damage.
The orc hits you but does no damage.
The orc priest hits you but does no damage.
You hit the orc priest but do no damage.
The orc priest is heavily wounded.
The orc hits you but does no damage.
The orc priest hits you but does no damage.
You closely miss the orc priest.
The orc priest is heavily wounded.
The orc closely misses you.
The orc priest calls down the wrath of Beogh upon you.
Beogh smites you!
* * * LOW HITPOINT WARNING * * *
The orc hits you but does no damage.
You hit the orc priest but do no damage.
The orc priest is heavily wounded.
The orc priest hits you.
You die...

#.(##### ##.
####......####
#.<...
.......##..... # .
....#
.............#
.... ...#
####..#####.#
#....##.#### #..#
#.#
...........####..#
#.#
#....##.>).......#
#.#
#.....o@.#.#####)#
#.#
......o.......)..#
#..
##..####.#.#######
### #. ...#.# #
#####.# #=# #.# #.


You could see an orc priest and an orc.

Vanquished Creatures
  3 adders (D:2)
  3 dart slugs
  2 leopard geckos
  8 orcs
  5 bats
  A giant cockroach (D:2)
  6 goblins
  4 hobgoblins
  A quokka (D:2)
  10 frilled lizards (D:2)
  4 kobolds
  5 rats
  A butterfly (D:1)
53 creatures vanquished.

Notes
Turn   | Place    | Note
-------+----------+-------------------------------------------
     0 | Abyss:1  | dricus the Demonspawn Abyssal Knight began the quest for the Orb.
     0 | Abyss:1  | Reached XP level 1. HP: 18/18 MP: 2/2
     5 | D:1      | Escaped the Abyss
   229 | D:1      | Gained mutation: You are slightly more attuned to the shadows. [demonic ancestry]
   229 | D:1      | Reached XP level 2. HP: 21/24 MP: 4/4
  1105 | D:2      | Reached ** piety under Lugonu
  1318 | D:2      | Gained mutation: You are partially covered in icy blue scales. (AC +2) [demonic ancestry]
  1318 | D:2      | Reached XP level 3. HP: 29/29 MP: 5/5
  2324 | D:2      | Reached XP level 4. HP: 35/35 MP: 6/6
  2768 | D:3      | Slain by an orc priest

Vault maps used:
D:1:      lightli_arrival_isolated_outpost, hangedman_glass_garden,
          lemuel_old_faithful
D:2:      minivault_5, minmay_lizard_pond
D:3:      lemuel_round_altar
Abyss:1:  evilmike_abyss_exit_smiterflies

Skill      XL: |  1  2  3 |
---------------+----------+-----
Maces & Flails | 2 3 |  3.3
Invocations    | 3 |  3.6
Fighting       | |  3.6
Armour         | |  1.7
Dodging        | |  0.8

Action                   |  1- 3 |  4- 6 || total
-------------------------+-------+-------++-------
Melee: Mace              |   178 |    32 ||   210
       Flail             |       |    26 ||    26
  Use: Scroll            |       |     3 ||     3
 Stab: Sleeping          |     2 |       ||     2
  Eat: Chunk             |     5 |     1 ||     6
Armor: Leather armour    |    14 |       ||    14
       Scale mail        |    95 |    54 ||   149
Dodge: Dodged            |   106 |    33 ||   139

Table legend:
 A = Spawn XP
 B = Non-spawn XP
 C = Spawn XP percentage of total XP
 D = Spawn monster count
 E = Non-spawn monster count
 F = Spawn count percentage of total count
 G = Total turns spent on level
                    A         B        C        D         E        F      G
               +---------+---------+-------+---------+---------+-------+---------
         Total |       0 |     135 |   0.0 |       0 |      52 |   0.0 |  2768
               +---------+---------+-------+---------+---------+-------+---------
           D:1 |       0 |      25 |   0.0 |       0 |      13 |   0.0 |  1060
           D:2 |       0 |      85 |   0.0 |       0 |      30 |   0.0 |  1547
           D:3 |       0 |      25 |   0.0 |       0 |       9 |   0.0 |   156
               +---------+---------+-------+---------+---------+-------+---------
